 Dungeon Crawl Stone Soup version 0.30-b1-2-g02819fbbbe (webtiles) character file.

Game seed: 17200690643554143563

351 Flugkiller the Covered (level 6, -5/56 HPs)
             Began as a Minotaur Fighter on May 8, 2023.
             Slain by a kobold brigand
             ... wielding a +1 vampiric short sword
              (6 damage)
             ... on level 4 of the Dungeon.
             The game lasted 00:01:37 (2312 turns).

Flugkiller the Covered (Minotaur Fighter)           Turns: 2312, Time: 00:01:37

Health: -5/56      AC:  7    Str: 19 (20) XL:     6   Next: 34%
Magic:  5/5        EV: 19    Int:  3 (5)  God:
Gold:   158        SH:  5    Dex: 11 (12) Spells: 5/5 levels left

rFire   . . .        a - +0 war axe
rCold   . . .        c - +0 buckler
rNeg    . . .        b - +0 scale mail
rPois   .            (helmet restricted)
rElec   .            (no cloak)
rCorr   .            (no gloves)
SInv    .            (no boots)
Will    .....        (no amulet) Stlth
                     v - +5 ring of evasion
HPRegen 0.29/turn    m - +5 ring of evasion
MPRegen 0.09/turn

%: no passive effects
@: flying, slowed, very slow
A: horns 2, retaliatory headbutt
a: no special abilities


You were on level 4 of the Dungeon.
You visited 1 branch of the dungeon, and saw 4 of its levels.

You collected 158 gold pieces.

Inventory:

Hand Weapons
 a - a +0 war axe (weapon)
Armour
 b - a +0 scale mail (worn)
 c - a +0 buckler (worn)
Jewellery
 f - a +6 ring of intelligence
   (You found it on level 2 of the Dungeon)
 m - a +5 ring of evasion (right hand)
   (You found it on level 3 of the Dungeon)
 p - a +4 ring of protection
   (You found it on level 4 of the Dungeon)
 v - a +5 ring of evasion (left hand)
   (You found it on level 1 of the Dungeon)
Scrolls
 e - a scroll of fog
 l - 2 scrolls of magic mapping
 r - 4 scrolls of identify
Potions
 d - 2 potions of might
 i - a potion of ambrosia {unknown}
 j - a potion of attraction {unknown}
 k - a potion of flight
 n - a potion of heal wounds {unknown}


   Skills:
 * Level 5.5 Fighting
 * Level 4.7 Axes
 * Level 5.5 Armour
 + Level 4.6 Shields


You had 5 spell levels left.
You didn't know any spells.
Your spell library was empty.

Dungeon Overview and Level Annotations

Branches:
Dungeon (4/15)
 Temple: D:4-7

Altars:
Okawaru
Uskayaw

Shops:
D:2 [

Annotations:
D:3 3 runed translucent doors, MirrMurr's ghost, amateur SpHu


Innate Abilities, Weirdness & Mutations

You have a pair of horns on your head.
You reflexively headbutt those who attack you in melee.


Message History

You are too injured to fight recklessly!
You slash the kobold brigand!
The kobold brigand is almost dead.
You hit the gnoll.
* * * LOW HITPOINT WARNING * * *
You feel very sick.
The kobold brigand hits you but does no damage.
The gnoll hits you with a +0 spear.
* * * LOW HITPOINT WARNING * * *
The gnoll misses you.
The kobold brigand hits you with a +0 short sword.
* * * LOW HITPOINT WARNING * * *
You are too injured to fight recklessly!
It was a potion of curing.
You feel better.
q - a potion of curing;
g - a purple potion The kobold brigand hits you with a +0 short sword.
* * * LOW HITPOINT WARNING * * *
The gnoll hits you with a +0 spear.
* * * LOW HITPOINT WARNING * * *
Unknown command.
You block the gnoll's attack. The gnoll misses you.
The kobold brigand attacks as you move away!
The kobold brigand misses you.
The kobold brigand throws a curare-tipped dart.
The curare-tipped dart hits you.
You are lethally poisoned!
You have difficulty breathing.
* * * LOW HITPOINT WARNING * * *
You feel as though you will be slow longer.
You feel better. The kobold brigand closely misses you.
You furiously retaliate!
You headbutt the kobold brigand.
You kill the kobold brigand!
As you read the scroll labelled ACWUIR LIKUU, it crumbles to dust.
It is a scroll of identify.
e - 2 scrolls of magic mapping;
l - 2 scrolls of magic mapping
e - 2 scrolls labelled ZEUMME YCLIATE;
r - 4 scrolls of identify
h - a clear potion The gnoll closely misses you.
As you read the scroll labelled ZEUMME YCLIATE, it crumbles to dust.
The scroll dissolves into smoke.
It was a scroll of fog.
The gnoll closely misses you. x2; The kobold brigand misses you.
As you read the scroll labelled WEOR RENEKEFO, it crumbles to dust.
Wisps of shadow whirl around you...
It was a scroll of summoning.
The kobold completely misses you. The gnoll closely misses you.
The kobold brigand misses you.
Unknown command.
It was a potion of degeneration.
There was something very wrong with that liquid.
You feel weakened.
You feel dopey.
You feel clumsy. You block the gnoll's attack. The kobold brigand misses you.
The kobold brigand barely misses you. The kobold closely misses you.
You block the kobold brigand's attack.
The kobold brigand completely misses you.
The kobold hits you but does no damage. You block the gnoll's attack.
Unknown command.
You swap places.
The kobold brigand throws a poisoned dart.
The poisoned dart hits your dart slug!
Your dart slug is poisoned.
The kobold brigand hits your dart slug with a +1 vampiric short sword!
The kobold hits your dart slug with a +0 club.
Your dart slug dies!
Your dart slug's corpse dissolves into shadows!
Your giant cockroach bites the kobold brigand.
Unknown command.
As you read the scroll labelled BEXZIE NAOSM, it crumbles to dust.
You assume a fearsome visage.
The kobold looks frightened!
The kobold brigand looks frightened! x2; It was a scroll of fear.
Your giant cockroach bites the kobold brigand but does no damage.
Your giant cockroach's attack snaps the kobold brigand out of its fear.
The gnoll hits you but does no damage. You block the kobold brigand's attack.
As you read the scroll labelled GEIRU KAFAU, it crumbles to dust.
It is a scroll of amnesia.
You feel forgetful for a moment.
Your giant cockroach barely misses the gnoll.
The gnoll misses you. The kobold brigand closely misses you.
You furiously retaliate!
You headbutt the kobold brigand.
Your giant cockroach bites the gnoll but does no damage.
As you read the scroll labelled APLUSTYOTA, it crumbles to dust.
Your body is wracked with pain!
* * * LOW HITPOINT WARNING * * *
The kobold brigand convulses!
Your giant cockroach convulses!
It was a scroll of torment.
The gnoll hits your giant cockroach with a +0 spear.
Your giant cockroach dies!
Your giant cockroach's corpse dissolves into shadows!
The kobold brigand barely misses you. The kobold brigand misses you.
The gnoll misses you.
It was a potion of flight.
You feel very buoyant.
You fly up into the air.
The gnoll closely misses you.
The kobold brigand hits you with a +1 vampiric short sword!
* * * LOW HITPOINT WARNING * * *
The kobold brigand draws strength from your wounds!
It was a potion of magic.
Magic courses through your body.
The gnoll hits you from afar with a +0 spear.
* * * LOW HITPOINT WARNING * * *
The kobold brigand hits you with a +1 vampiric short sword.
You die...

#########################
...........#gK.....#)...#
........§§g'KK.....#....#
..........g#########....##
########§..K@§§...#......#
#§§§§§§§...'......+
#######.§§§§§§...#......#
..........#########.)..##
..........')......#.)(.#
..........#(......#....#
####################''######
≈≈≈≈≈≈≈≈~~.....~≈≈≈
≈≈≈≈≈≈~≈≈≈≈≈≈≈≈~~....~~≈≈≈


You could see a kobold brigand and a gnoll.

Vanquished Creatures
  2 kobold brigands (D:4)
  An orc priest (D:4)
  An iguana (D:4)
  Jessica (D:2)
  3 gnolls (D:4)
  3 worms
  3 dart slugs (D:1)
  7 orcs (D:4)
  4 ball pythons
  3 endoplasms
  6 giant cockroaches
  5 goblins
  5 hobgoblins
  14 jackals
  A quokka (D:2)
  5 bats
  2 frilled lizards
  9 kobolds
  2 rats (D:1)
77 creatures vanquished.

Notes
Turn   | Place    | Note
-------+----------+-------------------------------------------
     0 | D:1      | Flugkiller the Minotaur Fighter began the quest for the
                  | Orb.
     0 | D:1      | Reached XP level 1. HP: 19/19 MP: 0/0
   116 | D:1      | Reached XP level 2. HP: 27/27 MP: 1/1
   509 | D:1      | Reached XP level 3. HP: 32/33 MP: 2/2
   587 | D:2      | You fall into a shaft and drop 2 floors!
   615 | D:3      | Noticed MirrMurr's ghost (amateur SpHu)
   736 | D:2      | Noticed Jessica
   738 | D:2      | Killed Jessica
   765 | D:2      | Found Eschybe's Antique Armour Shop.
   833 | D:2      | Reached XP level 4. HP: 41/41 MP: 3/3
   854 | D:2      | Found a hide-covered altar of Uskayaw.
  1277 | D:3      | Found an iron altar of Okawaru.
  1396 | D:3      | Found a runed translucent gate.
  1396 | D:3      | Found a runed translucent gate.
  1396 | D:3      | Found a runed translucent gate.
  1979 | D:4      | Reached XP level 5. HP: 47/47 MP: 4/4
  2002 | D:4      | Reached skill level 5 in Fighting
  2002 | D:4      | Reached skill level 5 in Armour
  2271 | D:4      | Reached XP level 6. HP: 52/56 MP: 5/5
  2301 | D:4      | HP: 2/56 [asphyx]
  2312 | D:4      | HP: 1/56 [gnoll/+0 spear (3)]
  2312 | D:4      | Slain by a kobold brigand

Illustrated notes

Levels and vault maps discovered:
D:1:      minmay_arrival_semitransparent, layout_rooms, minmay_statues_item,
          columned_hall_lemuel
D:2:      layout_basic, serial_shops, shop_statue, basic_altar, uniq_jessica
D:3:      layout_basic, mainiacjoe_overflow_small_starburst,
          gammafunk_ghost_split
D:4:      minmay_goblin_kobold_castle, layout_cave_pools

Skill      XL: |  1  2  3  4  5 |
---------------+----------------+-----
Fighting       | 4 5 |  5.5
Armour         | 4 5 |  5.5
Axes           | 3 4 |  4.7
Shields        | 4 |  4.6

Action                     |  1- 3 |  4- 6 || total
---------------------------+-------+-------++-------
  Melee: War axe           |    55 |    92 ||   147
         Headbutt          |     8 |    15 ||    23
    Use: Scroll            |       |     6 ||     6
         Potion            |       |     5 ||     5
 Armour: Scale mail        |    24 |    24 ||    48
  Dodge: Dodged            |    24 |   110 ||   134
  Block: Buckler           |    13 |    28 ||    41
